 Dungeon Crawl Stone Soup version 0.17.1-3-g152610e (webtiles) character file.

228 Goblin1989 the Grave Robber (level 5, -8/35 HPs)
             Began as a Demonspawn Necromancer on Feb 27, 2016.
             Mangled by an ogre
             ... wielding a +0 giant club
              (18 damage)
             ... on level 4 of the Dungeon.
             The game lasted 00:11:59 (3576 turns).

Goblin1989 the Grave Robber (DsNe)                  Turns: 3576, Time: 00:12:00

Health: -8/35      AC:  7    Str:  8    XL:     5   Next: 71%
Magic:  9/10       EV: 12    Int: 17    God:
Gold:   166        SH:  0    Dex: 13    Spells: 3 memorised, 5 levels left

rFire  . . .     SeeInvis .     f - +0 hand axe
rCold  + . .     Clarity  .     a - +0 robe
rNeg   . . .     SustAt   .     (no shield)
rPois  .         Gourm    .     (helmet restricted)
rElec  .         Spirit   .     (no cloak)
rCorr  .         Warding  .     d - +0 pair of gloves
rMut   .         Stasis   .     (no boots)
MR     .....                    (no amulet)
Stlth  ++........               (no ring)
                                j - ring of ice

@: not resistant to hostile enchantments, unstealthy
A: antennae 1, rough black scales 1, fire resistance 1, powered by pain 1
a: no special abilities


You were on level 4 of the Dungeon.
You were not hungry.

You visited 1 branch of the dungeon, and saw 4 of its levels.

You collected 166 gold pieces.

Inventory:

Hand Weapons
 f - a +0 hand axe (weapon)
 s - a +0 battleaxe
 x - a +0 blowgun
Missiles
 y - 31 poisoned needles
Armour
 a - a +0 robe (worn)
 d - a +0 pair of gloves (worn)
 o - a +0 ring mail
Jewellery
 j - a ring of ice (left hand)
Wands
 v - a wand of random effects (34)
Scrolls
 e - 5 scrolls of identify {unknown}
 i - a scroll of teleportation {unknown}
 l - 2 scrolls of enchant weapon {unknown}
 m - a scroll of fear {unknown}
 A - a scroll of remove curse {unknown}
 C - a scroll of noise {unknown}
Potions
 g - 3 potions of heal wounds
 h - a potion of cure mutation {unknown}
 p - a potion of experience {unknown}
 t - a potion of degeneration {unknown}
 u - a potion of poison {unknown}
 w - a potion of lignification {unknown}
 z - a potion of curing
 B - a potion of flight {unknown}
Books
 b - a book of Necromancy

   Spells                             Type                      Level
   a - Pain                           Necromancy                   1
   b - Animate Skeleton               Necromancy                   1
   c - Vampiric Draining              Necromancy                   3
   d - Regeneration                   Charms/Necromancy            3
   e - Animate Dead                   Necromancy                   4
   f - Control Undead                 Necromancy                   4
 k - a Necronomicon

   Spells                             Type                      Level
   a - Haunt                          Necromancy/Summoning         7
   b - Borgnjor's Revivification      Necromancy                   8
   c - Death's Door                   Charms/Necromancy            8
   d - Necromutation                  Transmutation/Necromancy     8
Comestibles
 c - a bread ration
 n - a royal jelly
 q - a beef jerky


   Skills:
 * Level 3.3 Axes
 - Level 1.7 Dodging
 - Level 1.7 Stealth
 + Level 3.4 Spellcasting
 + Level 0.0 Charms
 - Level 5.3 Necromancy


You had 5 spell levels left.
You knew the following spells:

 Your Spells              Type           Power        Failure   Level  Hunger
a - Pain                  Necr           ###.         1%          1    None
b - Regeneration          Chrm/Necr      ##........   17%         3    ###....
z - Animate Skeleton      Necr           N/A          1%          1    None


Dungeon Overview and Level Annotations

Branches:
Dungeon (4/15)
 Temple: D:4-7

Altars:


Innate Abilities, Weirdness & Mutations

You have a pair of small antennae on your head.
You are partially covered in rough black scales (AC +4, Dex -1).
Your flesh is heat resistant.
You sometimes gain a little power by taking damage.


Message History

You hit the ogre.
The ogre is heavily wounded.
The ogre closely misses you.
You hit the ogre.
The ogre is severely wounded.
The ogre barely misses you.
You closely miss the ogre.
The ogre is severely wounded.
You hit the ogre.
The ogre is severely wounded.
The ogre hits you with a giant club.
* * * LOW HITPOINT WARNING * * *
You closely miss the ogre.
The ogre is severely wounded.
The ogre barely misses you.
You barely miss the ogre.
The ogre is severely wounded.
The ogre hits you with a giant club!!
Ouch! That really hurt!
You die...

########## #......... #.########
#### #.#
...###################.#########.
................@O...............
...#########.#########.##..#####
...#########.# #.###.##
..........##.# ..# #..#
.########.##.# ######''#### ..#
#......# ##........## ..#
#......# ##..........# ..#
#......# ##............ ..##
###.##.###. #.............


You could see an ogre.

Vanquished Creatures
  A giant frog (D:3)
  A scorpion (D:3)
  Ijyb (D:3)
  Robin (D:2)
  3 adders
  An ooze (D:2)
  A worm (D:2)
  4 giant geckos
  An orc (D:4)
  7 bats
  10 goblins (D:2)
  5 hobgoblins
  A jackal (D:2)
  2 ball pythons
  2 giant cockroaches
  A giant newt (D:1)
  8 kobolds
  2 quokkas
  6 rats
58 creatures vanquished.

Vanquished Creatures (collateral kills)
  A worm (D:2)
  A giant cockroach (D:3)
  A goblin (D:2)
  A bat (D:3)
  A rat (D:3)
5 creatures vanquished.

Grand Total: 63 creatures vanquished

Notes
Turn   | Place    | Note
--------------------------------------------------------------
     0 | D:1      | Goblin1989 the Demonspawn Necromancer began the quest for the Orb.
     0 | D:1      | Reached XP level 1. HP: 13/13 MP: 3/3
   664 | D:2      | Gained mutation: Your flesh is heat resistant. [demonic ancestry]
   664 | D:2      | Reached XP level 2. HP: 19/19 MP: 5/5
   753 | D:2      | Reached skill level 1 in Axes
  1036 | D:2      | Gained mutation: You are partially covered in rough black scales (AC +4, Dex -1). [demonic ancestry]
  1036 | D:2      | Reached XP level 3. HP: 12/24 MP: 6/6
  1442 | D:2      | Learned a level 3 spell: Regeneration
  1444 | D:2      | Learned a level 1 spell: Animate Skeleton
  1625 | D:2      | Noticed Robin
  1655 | D:2      | Killed Robin
  1723 | D:2      | Gained mutation: You sometimes gain a little power by taking damage. [demonic ancestry]
  1723 | D:2      | Reached XP level 4. HP: 12/30 MP: 8/8
  2250 | D:3      | Noticed Ijyb
  2382 | D:3      | Killed Ijyb
  2446 | D:3      | HP: 1/30 [poisoned by a scorpion]
  2458 | D:3      | Reached skill level 5 in Necromancy
  2458 | D:3      | Gained mutation: You have a pair of small antennae on your head. [demonic ancestry]
  2458 | D:3      | Reached XP level 5. HP: 15/35 MP: 9/9
  2665 | D:3      | Your ally Ijyb died
  3098 | D:3      | Noticed a giant frog
  3114 | D:3      | Killed a giant frog
  3545 | D:4      | Noticed an ogre
  3576 | D:4      | Mangled by an ogre

Action                   |  1- 3 |  4- 6 || total
-------------------------+-------+-------++-------
Melee: Hand axe          |   143 |   180 ||   323
 Cast: Pain              |     4 |     4 ||     8
       Animate Skeleton  |     5 |    10 ||    15
       Regeneration      |       |     1 ||     1
  Use: Potion            |       |     5 ||     5
 Stab: Sleeping          |     3 |       ||     3
       Distracted        |       |     1 ||     1
  Eat: Chunk             |     3 |     5 ||     8
       Pizza             |       |     1 ||     1
